 Dungeon Crawl Stone Soup version 0.21.1-1-g345015fe64 (webtiles) character file.

192 Htamos the Magician (level 5, -4/28 HPs)
             Began as a Deep Elf Conjurer on July 13, 2018.
             Was an Initiate of Sif Muna.
             Killed by nerve-wracking pain
             ... invoked by an orc priest
              (10 damage)
             ... on level 4 of the Dungeon.
             The game lasted 00:05:32 (3943 turns).

Htamos the Magician (Deep Elf Conjurer)             Turns: 3943, Time: 00:05:33

Health: -4/28      AC:  3    Str:  5    XL:     5   Next: 42%
Magic:  6/17       EV: 13    Int: 21    God:    Sif Muna [......]
Gold:   185        SH:  0    Dex: 19    Spells: 14/19 levels left

rFire    . . .     SeeInvis .   (no weapon)
rCold    . . .     Gourm    .   (no shield)
rNeg     . . .     Faith    .   a - +0 robe
rPois    .         Spirit   .   (no helmet)
rElec    .         Reflect  .   f - +0 cloak
rCorr    .         Harm     .   (no gloves)
MR       .....                  (no boots)
Stlth    ++........             (no amulet)
HPRegen  0.09/turn              m - +2 ring of dexterity
MPRegen  0.15/turn              r - +2 ring of dexterity

@: no status effects
A: no striking features
a: Renounce Religion


You were on level 4 of the Dungeon.
You worshipped Sif Muna.
Sif Muna was noncommittal.
You were very hungry.

You visited 2 branches of the dungeon, and saw 5 of its levels.

You collected 185 gold pieces.

Inventory:

Missiles
 d - 165 stones (quivered)
 k - 36 arrows
 p - 2 javelins
 q - 18 sling bullets
 z - 20 bolts
 A - 12 poisoned needles
Armour
 a - a +0 robe (worn)
 f - a +0 cloak (worn)
Jewellery
 m - a +2 ring of dexterity (left hand)
 r - a +2 ring of dexterity (right hand)
 s - a cursed -3 ring of slaying {unknown}
Scrolls
 e - a scroll of enchant armour {unknown}
 g - a scroll of amnesia {unknown}
 i - a scroll of identify {unknown}
 j - 4 scrolls of immolation {unknown}
 o - a scroll of fear {unknown}
 t - a scroll of fog {unknown}
 v - a scroll of noise {unknown}
 w - a scroll of enchant weapon {unknown}
 y - 2 scrolls of remove curse {unknown}
 B - a scroll of blinking {unknown}
Potions
 h - 2 potions of agility {unknown}
 l - a potion of resistance {unknown}
 n - 2 potions of lignification {unknown}
 u - a potion of flight {unknown}
 x - 2 potions of mutation {unknown}
Books
 b - a book of Conjurations

   Spells                             Type                      Level
   a - Magic Dart                     Conjuration                  1
   b - Searing Ray                    Conjuration                  2
   c - Dazzling Spray                 Conjuration/Hexes            3
   d - Fulminant Prism                Conjuration/Hexes            4
   e - Force Lance                    Conjuration/Translocation    4
   f - Iskenderun's Mystic Blast      Conjuration                  4
Comestibles
 c - 11 rations


   Skills:
 - Level 2.4 Dodging
 - Level 2.4 Stealth
 + Level 7.7 Spellcasting
 - Level 4.3 Conjurations


You had 14 spell levels left.
You knew the following spells:

 Your Spells              Type           Power        Failure   Level  Hunger
a - Magic Dart            Conj           ####         1%          1    None
b - Iskenderun's Mystic   Conj           ####....     13%         4    ###....


Dungeon Overview and Level Annotations

Branches:
Dungeon (4/15)             Temple (1/1) D:4

Altars:
Ashenzari
Cheibriados
Dithmenos
Elyvilon
Fedhas
Gozag
Hepliaklqana
Kikubaaqudgha
Makhleb
Nemelex Xobeh
Okawaru
Qazlal
Ru
Sif Muna
Trog
Uskayaw
Vehumet
Wu Jian
Xom
Yredelemnul
Zin
The Shining One

Annotations:
D:2 Grinder


Message History

The orc priest is moderately wounded.
The orc priest hits you but does no damage.
Casting: Magic Dart
Confirm with . or Enter, or press ? or * to list all spells.
Aiming: Magic Dart
Press: ? - help, Shift-Dir - straight line, f/p - orc priest
Aim: an orc priest, wielding a falchion and wearing a ring mail (moderately wounded)
The magic dart hits the orc priest.
The orc priest is severely wounded.
The orc priest misses you.
Casting: Magic Dart
Confirm with . or Enter, or press ? or * to list all spells.
Aiming: Magic Dart
Press: ? - help, Shift-Dir - straight line, f/p - orc priest
Aim: an orc priest, wielding a falchion and wearing a ring mail (severely wounded)
The magic dart hits the orc priest.
The orc priest is severely wounded.
The orc priest invokes the aid of Beogh against you.
Pain shoots through your body!
You die...

.........#.......o......
.........#....o##.....##
.........#.....##.....#
.........#...o..#.......
.........#......#....... .....
.........#......#....... ....
#######'##[###################...
............................##...
...............8@8..........#....
...............o............#....
............................#....
............................####'
.....#####'#############+##......
######.......#............'......
..........#............#......
..........#............#......
..........#............#......


You could see an orc priest.

Vanquished Creatures
  Jessica (D:3)
  A worker ant (D:4)
  6 adders
  2 worms
  2 dart slugs (D:1)
  A leopard gecko (D:3)
  6 orcs
  4 bats (D:2)
  4 giant cockroaches
  8 goblins
  9 hobgoblins
  4 jackals (D:2)
  4 quokkas
  A ball python (D:3)
  2 frilled lizards (D:2)
  8 kobolds
  8 rats
71 creatures vanquished.

Notes
Turn   | Place    | Note
-------+----------+-------------------------------------------
     0 | D:1      | Htamos the Deep Elf Conjurer began the quest for the Orb.
     0 | D:1      | Reached XP level 1. HP: 10/10 MP: 6/6
   177 | D:1      | Reached skill level 4 in Spellcasting
   177 | D:1      | Reached XP level 2. HP: 15/15 MP: 6/9
   793 | D:2      | Reached XP level 3. HP: 16/19 MP: 2/11
   822 | D:2      | Reached skill level 5 in Spellcasting
  1184 | D:2      | Found a snail-covered altar of Cheibriados.
  1188 | D:2      | Found a glowing golden altar of the Shining One.
  1536 | D:2      | Reached skill level 6 in Spellcasting
  1536 | D:2      | Reached XP level 4. HP: 24/24 MP: 10/14
  1545 | D:2      | Learned a level 4 spell: Iskenderun's Mystic Blast
  2028 | D:3      | Noticed Grinder
  2040 | D:3      | Paralysed by Grinder for 7 turns
  2333 | D:3      | Noticed Jessica
  2338 | D:3      | Killed Jessica
  2549 | D:3      | Reached skill level 7 in Spellcasting
  2836 | D:3      | Reached XP level 5. HP: 28/28 MP: 11/16
  3454 | D:4      | Found a staircase to the Ecumenical Temple.
  3509 | Temple   | Entered the Ecumenical Temple
  3612 | Temple   | Became a worshipper of Sif Muna the Loreminder
  3943 | D:4      | Killed from afar by an orc priest

Skill      XL: |  1  2  3  4 |
---------------+-------------+-----
Spellcasting   | 4 6 7 |  7.7
Dodging        | |  2.4
Stealth        | |  2.4
Conjurations   | |  4.3

Action                   |  1- 3 |  4- 6 || total
-------------------------+-------+-------++-------
 Cast: Magic Dart        |    78 |    98 ||   176
       Iskenderun's Myst |       |     1 ||     1
  Eat: Chunk             |     2 |     6 ||     8
Armor: Robe              |     2 |     6 ||     8
Dodge: Dodged            |     4 |    17 ||    21
